 Dungeon Crawl Stone Soup version 0.31-a0-1096-g246cf0196b (webtiles) character file.

Game seed: 9520946312402793720

163 Bonskee the Slasher (level 5, -1/38 (41) HPs)
             Began as a Human Reaver on Nov 27, 2023.
             Slain by a scorpion (2 damage)
             ... on level 4 of the Dungeon on Nov 29, 2023.
             The game lasted 00:15:26 (2432 turns).

Bonskee the Slasher (Human Reaver)                  Turns: 2432, Time: 00:15:28

HP:   -1/38 (41)    AC:  5    Str: 14    XL:     5   Next: 73%
MP:   8/8           EV: 11    Int: 13    God:
Gold: 64            SH:  0    Dex: 12    Spells: 7/8 levels left

rFire   . . .        t - +2 rapier (holy)
rCold   . . .        (no shield)
rNeg    . . .        b - +0 leather armour
rPois   +            e - +0 helmet
rElec   .            (no cloak)
rCorr   .            g - +0 pair of gloves
SInv    .            (no boots)
Will    .....        j - amulet of the acrobat
Stlth   +            m - ring of poison resistance
HPRegen 0.26/turn    (no ring)
MPRegen 0.11/turn

%: acrobat
@: lethally poisoned (-1 -> -2), drained
A: no striking features
a: no special abilities


You were on level 4 of the Dungeon.
You visited 1 branch of the dungeon, and saw 4 of its levels.

You collected 64 gold pieces.

Inventory:

Hand Weapons
 a - a +0 falchion
 q - a +0 sling
 t - a +2 rapier of holy wrath (weapon)
Missiles
 d - 45 stones
 i - 5 poisoned darts
Armour
 b - a +0 leather armour (worn)
 e - a +0 helmet (worn)
 g - a +0 pair of gloves (worn)
 r - a +0 chain mail
Jewellery
 j - an amulet of the acrobat (around neck)
 m - a ring of poison resistance (left hand)
Talismans
 p - a flux talisman
 u - a talisman of death
Wands
 v - a wand of charming (2)
Scrolls
 k - 2 scrolls of teleportation
 n - a scroll of blinking {unknown}
 o - a scroll of enchant weapon {unknown}
 s - a scroll of butterflies {unknown}
Potions
 c - 2 potions of curing
 f - a potion of brilliance {unknown}
 h - a potion of mutation
 l - a potion of might {unknown}
 w - a potion of attraction {unknown}
 x - a potion of berserk rage {unknown}
 z - a potion of heal wounds {unknown}


   Skills:
 * Level 3.5 Fighting
 + Level 3.6 Long Blades
 * Level 2.4 Throwing
 + Level 1.3 Armour
 - Level 2.1 Dodging
 - Level 2.1 Spellcasting
 - Level 3.0 Conjurations


You had 7 spell levels left.
You knew the following spells:

 Your Spells              Type           Power      Damage    Failure   Level
a - Kiss of Death         Conj/Necr      20%        2d7       17%         1

Your spell library contained the following spells:

 Spells                   Type           Power      Damage    Failure   Level
 Momentum Strike          Conj/Tloc      10%        3d8       26%         2
 Lesser Beckoning         Tloc           2%         N/A       43%         2
 Hailstorm                Conj/Ice       5%         3d4       45%         3
 Gell's Gravitas          Tloc           1%         N/A       67%         3
 Teleport Other           Tloc           1%         N/A       67%         3


Dungeon Overview and Level Annotations

Branches:
Dungeon (4/15)
 Temple: D:4-7

Altars:

Annotations:
D:4 Eustachio


Message History

The scorpion is moderately wounded.
The scorpion stings you. The scorpion barely misses you.
You hit the scorpion but do no damage.
The scorpion is moderately wounded.
The scorpion stings you!
You hit the scorpion but do no damage.
The scorpion is moderately wounded.
The scorpion stings you.
You are poisoned.
The scorpion poisons you!
You hit the scorpion.
The scorpion is moderately wounded.
You feel very sick. The scorpion closely misses you.
You hit the scorpion but do no damage.
The scorpion is moderately wounded.
You feel sick. The scorpion stings you.
* * * LOW HITPOINT WARNING * * *
The scorpion completely misses you.
You closely miss the scorpion.
The scorpion is moderately wounded.
You feel sick. The scorpion stings you.
* * * LOW HITPOINT WARNING * * *
Eustachio the Magnificent comes into view.
He is wielding a +0 rapier.
* * * LOW HITPOINT WARNING * * *
You feel sick.
Eustachio shouts!
Found a scroll labelled VIBOSOPHOMN.
* * * LOW HITPOINT WARNING * * *
You feel sick.
Eustachio gestures wildly while chanting.
* * * LOW HITPOINT WARNING * * *
You feel sick.
You closely miss the ufetubus.
* * * LOW HITPOINT WARNING * * *
You feel sick. The ufetubus hits you.
* * * LOW HITPOINT WARNING * * *
The ufetubus hits you but does no damage.
The scorpion stings you.
You die...

.# .## .### ..#####
. #. .....?#
####.##. .....##
.... ..##..@...#
#.####......# #.#
#.K.hgs@5<..# #.#
#..###......# #.#
#...#####.....# #K#
##K.# ....## #.#
#..# ...# #.# #..#
##.# #####.#####..#
.#
)............####.#
#
#####..($††.........


You could see Eustachio, a scorpion, a hound, an ufetubus (summoned), a
hobgoblin and a kobold.

Vanquished Creatures
  An orc wizard (D:3)
  3 gnolls (D:4)
  5 adders
  A worm (D:2)
  A dart slug (D:2)
  5 orcs (D:3)
  4 endoplasms
  3 giant cockroaches
  5 goblins
  4 hobgoblins
  4 jackals (D:1)
  4 kobolds
  2 quokkas (D:1)
  6 ball pythons
  3 bats (D:1)
  3 frilled lizards (D:1)
  4 rats
58 creatures vanquished.

Notes
Turn   | Place    | Note
-------+----------+-------------------------------------------
     0 | D:1      | Bonskee the Human Reaver began the quest for the Orb.
     0 | D:1      | Reached XP level 1. HP: 16/16 MP: 3/3
    76 | D:1      | Reached XP level 2. HP: 12/22 MP: 3/5
   551 | D:1      | Reached XP level 3. HP: 24/24 MP: 6/6
   617 | D:1      | Upgraded the game from 0.31-a0-1082-g7d1fb776a8 to
                  | 0.31-a0-1096-g246cf0196b
   632 | D:1      | Reached skill level 1 in Throwing
  1291 | D:2      | Reached XP level 4. HP: 30/34 MP: 7/7
  1931 | D:2      | Reached skill level 1 in Armour
  2119 | D:3      | Reached XP level 5. HP: 39/41 MP: 8/8
  2291 | D:3      | Noticed a phantom
  2429 | D:4      | Noticed Eustachio
  2432 | D:4      | HP: 1/38 [ufetubus[Eustachio] (1)]
  2432 | D:4      | Slain by a scorpion

Illustrated notes

Levels and vault maps discovered:
D:1:      nzn_arrival_settlement, layout_rooms
D:2:      layout_basic
D:3:      layout_basic, zin_scriptorium, nicolae_concentric_dashed_squares_mild,
          chequers_serial_rivers_micro_c, uniq_jessica
D:4:      layout_loops_ring, lemuel_doored_altar,
          nicolae_overflow_hidden_temple, portal_sewer_entry_f,
          chequers_arboretum, uniq_menkaure, uniq_eustachio, uniq_robin

Skill      XL: |  1  2  3  4 |
---------------+-------------+-----
Throwing       | 1 2 |  2.4
Fighting       | 3 |  3.5
Armour         | 1 |  1.3
Long Blades    | |  3.6
Dodging        | |  2.1
Spellcasting   | |  2.1
Conjurations   | |  3.0

Action                     |  1- 3 |  4- 6 || total
---------------------------+-------+-------++-------
  Melee: Falchion          |    72 |     4 ||    76
         Rapier            |    26 |   115 ||   141
   Fire: Sling             |     3 |     1 ||     4
   Cast: Kiss of Death     |     2 |     1 ||     3
    Use: Scroll            |     2 |       ||     2
         Potion            |     1 |       ||     1
 Armour: Leather armour    |    43 |    38 ||    81
         Chain mail        |    15 |    55 ||    70
  Dodge: Dodged            |    62 |    67 ||   129
         Form:             |       |     1 ||     1
         Death             |       |     1 ||     1

Table legend: (Time is in decaauts)
 A = Elapsed time spent in this place.
 B = Non-inter-level travel time spent in this place.
 C = Inter-level travel time spent in this place.
 D = Time resting spent in this place.
 E = Time spent auto-exploring this place.
 F = Levels seen in this place.
 G = Mean time per level.
                   A        B        C        D        E       F      G
               +--------+--------+--------+--------+--------+-----+--------+
         Total |   2456 |   2456 |      0 |    727 |    742 |   4 |  614.0 |
       Dungeon |   2456 |   2456 |      0 |    727 |    742 |   4 |  614.0 |
               +--------+--------+--------+--------+--------+-----+--------+

Top non-repeatable levels by time:
     D:2: 1070 daAuts
     D:1: 987 daAuts
     D:3: 264 daAuts
     D:4: 133 daAuts
